AoeStats
← Der Sprudel

Arabian Desert

510084113Analyzed
1v1 RM · 2d ago on Sep 29, 2026· 19m 30s· 2 players
Game mode
Random Map
Map size
Tiny (2 player)
Population
200
Speed
Normal
Resources
Standard
Victory
Conquest
Starting age
Dark Age
Ending age
Imperial Age
RankedLock teamsTeams togetherTeam positionsShared explorationLock speedFull tech treeHidden civsTurbo modeCheats
Victory
Defeat
🇦🇷 Italians · Argentina
1341
+14
🇩🇪 Mongols · Germany
1299
-14
Der Sprudel
5:59 Loom
8:54 Feudal Age
9:24 Double-Bit Axe
9:48 Horse Collar
16:26 Fletching
17:37 Padded Archer Armor
CORP_Gato
6:40 Loom
6:46 Loom
9:39 Feudal Age
9:57 Man-at-Arms
14:12 Fletching
14:54 Horse Collar
15:21 Town Watch
Connection lost

Rejoining the realm…

Still unreachable

The connection could not be restored.

Session expired

The server has moved on; the page needs a fresh start.